 Dungeon Crawl Stone Soup version 0.24-a0-640-ge7cd8ce (webtiles) character file.

Game seed: 10597519605748411409, levelgen mode: deterministic

49 Elfdrinker the Skirmisher (level 3, -2/20 HPs)
             Began as a Vine Stalker Fighter on Sept 24, 2019.
             Slain by a gnoll
             ... wielding a +0 spear
              (4 damage)
             ... on level 2 of the Dungeon.
             The game lasted 00:02:57 (1042 turns).

Elfdrinker the Skirmisher (Vine Stalker Fighter)    Turns: 1042, Time: 00:02:58

Health: -2/20      AC:  9    Str: 16 (18) XL:     3   Next: 77%
Magic:  0/4        EV:  6    Int:  6 (8)  God:
Gold:   118        SH:  8    Dex: 12 (14) Spells: 2/2 levels left

rFire    . . .     SeeInvis .   a - +0 trident
rCold    . . .     Gourm    .   c - +0 shield
rNeg     . . .     Faith    .   b - +0 scale mail
rPois    .         Spirit   +   l - +0 helmet
rElec    .         Reflect  .   k - +0 cloak (curse)
rCorr    .         Harm     .   (no gloves)
MR       .....                  (no boots)
Stlth    ..........             (no amulet)
HPRegen  0.06/turn              (no ring)
MPRegen  0.09/turn              (no ring)

@: lethally poisoned (-2 -> -9)
A: fangs 2, magic shield, antimagic bite, no potion heal 3, rot immunity
a: no special abilities


You were on level 2 of the Dungeon.
You were hungry.

You visited 1 branch of the dungeon, and saw 2 of its levels.

You collected 118 gold pieces.

Inventory:

Hand Weapons
 a - a +0 trident (weapon)
Armour
 b - a +0 scale mail (worn)
 c - a +0 shield (worn)
 k - a cursed +0 cloak (worn)
 l - a +0 helmet (worn)
Scrolls
 i - a scroll of blinking
 j - a scroll of teleportation
Potions
 d - a potion of might
 e - a potion of flight
Comestibles
 f - 2 rations


   Skills:
 + Level 3.1 Fighting
 + Level 2.2 Polearms
 + Level 2.8 Armour
 + Level 0.1 Dodging
 + Level 3.1 Shields


You had 2 spell levels left.
You didn't know any spells.
Your spell library was empty.

Dungeon Overview and Level Annotations

Branches:
Dungeon (2/15)

Altars:
Ashenzari


Innate Abilities, Weirdness & Mutations

You have extremely sharp teeth.
When hurt, damage is shared between your health and your magic reserves.
Your bite disrupts and absorbs the magic of your enemies.
Potions cannot restore your health.
You are immune to rotting.


Message History

You kill the bat!
The gnoll barely misses you. The adder barely misses you.
The gnoll hits you but does no damage. The gnoll hits you but does no damage.
The adder barely misses you. The adder bites you but does no damage.
The gnoll hits you but does no damage.
You closely miss the gnoll. You block the adder's attack.
The gnoll barely misses you.
You closely miss the gnoll. The adder barely misses you.
The gnoll closely misses you. The adder bites you.
You are lethally poisoned!
The adder poisons you!
Your shield and scale mail prevent you from hitting the gnoll.
* * * LOW HITPOINT WARNING * * *
You feel sick. The adder bites you but does no damage.
You block the gnoll's attack. The adder closely misses you.
You barely miss the gnoll. Your bite misses the gnoll.
* * * LOW HITPOINT WARNING * * *
You feel sick. The gnoll hits you with a +0 spear.
You die...

### #######.##
.........# .######.##
.# #.## #####
.######..#######...#
.................#.#
...###.............##
##.# #.#####...g@...#
.# #. #>####S#.# .#
#. #.# #g#.# # #. #.#
#.#.# #.. #.).# ..#.
#.#(# ####.#†#.#
#.._.)#.# ....#.#...#


You could see a gnoll, an adder and a goblin.

Vanquished Creatures
  2 gnolls (D:2)
  2 dart slugs (D:1)
  2 giant cockroaches
  7 hobgoblins (D:1)
  2 kobolds
  6 bats
  2 frilled lizards (D:1)
  2 goblins
  2 rats (D:1)
27 creatures vanquished.

Notes
Turn   | Place    | Note
-------+----------+-------------------------------------------
     0 | D:1      | Elfdrinker the Vine Stalker Fighter began the quest for the
                  | Orb.
     0 | D:1      | Reached XP level 1. HP: 11/11 MP: 2/2
   180 | D:1      | Reached XP level 2. HP: 16/16 MP: 3/3
   733 | D:1      | Reached XP level 3. HP: 19/20 MP: 4/4
  1018 | D:2      | Found a shattered altar of Ashenzari.
  1042 | D:2      | Slain by a gnoll

Levels and vault maps discovered:
D:1:      lemuel_arrival_behind_the_door_large, layout_basic
D:2:      layout_loops_ring, tso_oasis_becter, ashenzari_altar_1, uniq_jessica

Skill      XL: |  1  2 |
---------------+-------+-----
Fighting       | 3 |  3.1
Polearms       | 2 |  2.2
Shields        | 3 |  3.1
Armour         | |  2.8
Dodging        | |  0.1

Action                   || total
-------------------------++-------
Melee: Trident           ||    85
       Bite              ||    12
  Use: Scroll            ||     2
       Potion            ||     5
Armor: Scale mail        ||    37
Dodge: Dodged            ||    37
Block: Shield            ||    34

Table legend:
 A = Non-vault XP
 B = Vault XP
 C = Vault XP percentage of total XP
 D = Non-vault monster count
 E = Vault monster count
 F = Vault count percentage of total count
                 A         B        C        D         E       F
            +---------+---------+-------+---------+---------+-------
      Total |      71 |       0 |   0.0 |      27 |       0 |   0.0
            +---------+---------+-------+---------+---------+-------
        D:1 |      34 |       0 |   0.0 |      19 |       0 |   0.0
        D:2 |      37 |       0 |   0.0 |       8 |       0 |   0.0
            +---------+---------+-------+---------+---------+-------
